[Event "US Masters 2022"]
[Site "Charlotte"]
[Date "2022.11.24"]
[Round "1.1"]
[White "Zhao, Erick"]
[Black "Oparin, Grigoriy"]
[Result "0-1"]
[ECO "C91"]
[WhiteElo "2243"]
[BlackElo "2683"]
[Annotator "TA"]
[PlyCount "74"]
[EventDate "2022.11.23"]
[EventType "swiss"]
[EventCountry "USA"]
[SourceTitle "playchess.com"]
[Source "ChessBase"]
[SourceQuality "1"]
[TimeControl "5400+30"]

1. e4 e5 2. Nf3 Nc6 3. Bb5 a6 4. Ba4 Nf6 5. O-O Be7 6. Re1 b5 7. Bb3 d6 8. c3 O-O 9. d4 Bg4 10. Be3 exd4 11. cxd4 Na5 {[%emt 0:00:08][%cal Oa5b3] C91: Closed Ruy Lopez: 7...d6 8 c3 0-0 9 d4.} (11... Nxe4 $2 12. Qc2 $18) 12. h3 Nxb3 13. axb3 Bh5 {[%emt 0:00:29] The position is equal.} 14. Nbd2 c5 15. g4 Bg6 16. Nh4 Re8 17. Nf5 Nd7 18. Nf3 Bxf5 19. exf5 Bf6 {[%emt 0:01:59] [#]} (19... Qc7 {might be stronger.}) 20. Bf4 $146 (20. Re2 $5 ) ({Predecessor:} 20. Qd2 h6 21. Bf4 Qb6 22. d5 c4 23. b4 Rxe1+ 24. Rxe1 Rc8 25. Re3 Qb7 26. h4 {½-½ (39) Kunal,M (2302)-Golubov,S (2481) Abu Dhabi 2016}) 20... cxd4 21. Rxe8+ Qxe8 22. Bxd6 Qe4 23. g5 Be5 24. Nxe5 Nxe5 25. Bxe5 Qxe5 $15 {[%emt 0:00:05][%mdl 4096] Endgame KQR-KQR} 26. Qf3 Qe8 27. Qd3 Qd8 28. f4 Qd6 $36 {[%emt 0:02:21][%mdl 2048] Black is in control.} 29. Qe4 Rd8 30. Kf2 (30. Rd1 $17) 30... d3 $19 31. Rd1 d2 32. Ke2 (32. Qe3 $17) 32... Qd7 {[%emt 0:00:42] [#] And now ...Re8 would win.} 33. Qb4 $2 (33. Kf1) 33... Qd3+ {[%emt 0:02:45] Black is clearly winning.} ({And not} 33... Qxf5 34. Rxd2 Re8+ 35. Kf2 $17) 34. Kf2 Qxh3 {[%emt 0:03:35] ( -> ...Qh2+)} ({Weaker is} 34... Qxf5 35. Rxd2 Re8 36. Re2 Rxe2+ 37. Kxe2 $17) 35. Rxd2 Qh2+ 36. Ke3 Qg3+ 37. Ke2 Qg2+ {[%emt 0:00:03] Weighted Error Value: White=0.66/Black=0.04 (flawless)} (37... Re8+ $142 38. Kd1 Qg4+ 39. Kc2 Qxf5+ 40. Kc1 Rc8+ 41. Kd1 Qg4+ 42. Re2 Rd8+ 43. Qd2 Rxd2+ 44. Kxd2 Qxf4+ 45. Kd3 Kf8) 0-1

[Event "US Masters 2022"]
[Site "Charlotte"]
[Date "2022.11.24"]
[Round "1.2"]
[White "Negi, Parimarjan"]
[Black "Homa, Seth"]
[Result "1-0"]
[ECO "B31"]
[WhiteElo "2639"]
[BlackElo "2242"]
[Annotator "TA"]
[PlyCount "69"]
[EventDate "2022.11.23"]
[EventType "swiss"]
[EventCountry "USA"]
[SourceTitle "playchess.com"]
[Source "ChessBase"]
[SourceQuality "1"]
[TimeControl "5400+30"]

1. e4 c5 2. Nf3 Nc6 3. Bb5 g6 4. O-O Bg7 5. Bxc6 dxc6 6. d3 Nf6 7. Nc3 b6 {[%emt 0:03:45] B31: Sicilian: 2...Nc6 3 Bb5 g6.} 8. a4 a5 9. Bf4 Nd7 {[%emt 0:03:33] The position is equal.} 10. Qd2 h6 11. h3 e5 12. Be3 Nf8 {[%emt 0:00:35] [#]} 13. Ne2 $146 ({Predecessor:} 13. b3 Ne6 14. Ne2 Nd4 15. Nh2 Be6 16. Rae1 g5 17. Ng3 Qd7 18. Bxd4 exd4 19. f4 gxf4 20. Qxf4 {0-1 (68) Salinas Herrera,P (2514)-Reimanis,R (2421) Chess.com INT 2020}) 13... Ne6 14. Nh2 Qc7 15. Rae1 h5 (15... g5 $11) 16. Kh1 Bd7 17. c3 O-O-O 18. b4 cxb4 (18... f5 $11 19. f3 cxb4 20. cxb4 Bf8 21. bxa5 bxa5) 19. cxb4 $16 axb4 20. Qxb4 c5 21. Qc4 Bc6 22. Rb1 Rd6 23. Nc3 Rhd8 24. a5 ({And not} 24. Qa6+ Qb7 25. Qxb6 (25. Rxb6 $2 Qxa6 26. Rxa6 Kb7 $19) 25... Bxe4 $1 $15) (24. Nf3 {with more complications.} Rxd3 25. a5 bxa5 26. Na4) 24... bxa5 25. Bxc5 (25. Nf3 $18) 25... Nxc5 (25... Rxd3 $2 26. Bb6 R8d4 27. Bxd4 Rxd4 28. Qa2 $18) 26. Qxc5 {[%emt 0:01:19] And now Rfc1 would win.} Be8 {[%emt 0:06:34] [#]} ({Not} 26... Rxd3 27. Nb5 Bf8 28. Na7+ Kd7 29. Qc4 Qxa7 30. Qxd3+ Ke8 31. Qc3 $18) (26... R8d7 $142) 27. Qa3 {[%emt 0:01:10] White is more active.} (27. Qe3 $142 $1 {Strongly threatening Rfc1.} Rxd3 28. Qe2 Rxc3 29. Qa6+ Kd7 30. Rb7 Qxb7 31. Qxb7+ Ke6 32. Nf3) 27... Rxd3 (27... Bc6 $16 {is a better defense.}) 28. Rfc1 $1 $18 {[%emt 0:01:55][%cal Oc3d5] aiming for Nd5!} Bc6 {[%emt 0:00:20] Prevents Nd5.} 29. Nf1 $1 Bh6 {[%emt 0:00:15] White must now prevent ...Bxe4.} 30. Ne3 $1 Bxe3 31. fxe3 {[%emt 0:00:24] Threatens to win with Qc5.} Kd7 (31... Rxe3 $2 32. Qc5 Rxc3 33. Rxc3 $18) 32. Qc5 {[%emt 0:01:44][%mdl 1024] White has strong compensation.} Qd6 {[%emt 0:00:06] [#] Prevents Nd5.} 33. Qc4 Ke8 $2 {[%emt 0:01:25] [#]} (33... Ke7) 34. Rb6 $1 ({Less strong is} 34. Nd5 Rxd5 35. exd5 Bxd5 36. Qb5+ Ke7 $16) 34... Rc8 (34... Qe6 35. Qxc6+ Qxc6 36. Rxc6 Rxe3) 35. Nd5 {[%emt 0:01:18] Weighted Error Value: White=0.16 (very precise) /Black=0.28 (precise)} 1-0

[Event "US Masters 2022"]
[Site "Charlotte"]
[Date "2022.11.24"]
[Round "1.3"]
[White "Morefield, Jason"]
[Black "Liang, Awonder"]
[Result "0-1"]
[ECO "C54"]
[WhiteElo "2238"]
[BlackElo "2630"]
[Annotator "TA"]
[PlyCount "88"]
[EventDate "2022.11.23"]
[EventType "swiss"]
[EventCountry "USA"]
[SourceTitle "playchess.com"]
[Source "ChessBase"]
[SourceQuality "1"]
[TimeControl "5400+30"]

1. e4 e5 2. Nf3 Nc6 3. Bc4 Bc5 4. c3 Nf6 5. d3 d6 6. O-O O-O 7. Re1 (7. Bg5 {looks sharper.} h6 8. Bh4 Na5 9. b4) 7... a5 {[%emt 0:00:35] C54: Giuoco Piano: 4 c3 Nf6, main lines with 5 d4 and 5 d3.} 8. d4 Bb6 {[%emt 0:01:40] [#]} 9. Bb5 $146 ({Predecessor:} 9. h3 h6 10. Bb5 Bd7 11. Na3 Re8 12. d5 Ne7 13. Bxd7 Qxd7 14. Nc4 Bc5 15. a4 {0-1 (41) Nezar,M (2353)-Rakotomaharo,F (2422) Playchess.com INT 2021}) 9... Ne7 {[%emt 0:10:40] Black is slightly better.} 10. h3 Ng6 11. Nbd2 c6 12. Ba4 exd4 13. cxd4 d5 14. e5 Nh5 15. Nf1 Nhf4 16. Bc2 f6 $1 17. Be3 fxe5 {[%emt 0:02:45] Black is more active.} 18. dxe5 (18. Bxg6 $15 Nxg6 19. dxe5) 18... Bc7 (18... Bxe3 $17 19. Rxe3 Nh4 20. Nxh4 Qxh4) 19. Bd4 {[%emt 0:05:39] [#]} (19. Bc5 $15) 19... b6 ({Black should play} 19... Nh4 $1 $19 20. Nxh4 Qxh4) 20. b3 $2 {[%emt 0:02:32] [#]} (20. e6 $17 {was called for.}) 20... c5 (20... Nh4 $1 $19 21. Nxh4 Qxh4) 21. Bb2 $2 {[%emt 0:00:07] Now White is beyond hope.} (21. Be3 $17) 21... Nh4 $19 22. Nxh4 Qxh4 23. Nh2 Qg5 24. Ng4 h5 25. Bc1 hxg4 (25... Bxg4 26. hxg4 Rad8 27. Qd3 Nxd3 28. Bxg5 Nxe1 29. Rxe1 $15) 26. Bxf4 Qxf4 {[%emt 0:00:05] Really sharp!} 27. Qxd5+ Kh8 28. Qxa8 Qxf2+ ({Inferior is} 28... Bxe5 29. Rxe5 Qxe5 30. Rf1 $15) 29. Kh1 {[%emt 0:00:22][%cal Oe1f1] Hoping for Rf1!} Qxc2 30. hxg4 Qg6 {[%emt 0:02:56] Prevents Qc6.} 31. Re3 Kg8 32. Qd5+ Qe6 33. Qe4 Qxg4 34. e6 Qxe4 35. Rxe4 Re8 ({Avoid the trap} 35... Bb7 $2 36. Re3 $19) 36. Rae1 Re7 ({Not} 36... Bb7 $2 37. R4e3 $19) 37. Kg1 Bb7 38. R4e3 {[%emt 0:00:25] Against Bg3} Bd5 39. g3 c4 {[%emt 0:02:21] Black is clearly winning.} 40. bxc4 Bxc4 41. a3 b5 {[%emt 0:00:14] aiming for ...Bb6.} 42. Kh2 Bb6 {[%emt 0:00:26] Inhibits a4.} 43. Re5 Bd4 44. R5e4 Bc3 {[%emt 0:00:02] Weighted Error Value: White=0.41/Black=0.20 (precise)} 0-1

[Event "US Masters 2022"]
[Site "Charlotte"]
[Date "2022.11.24"]
[Round "1.4"]
[White "Naroditsky, Daniel"]
[Black "Johnson, Donald"]
[Result "1-0"]
[ECO "B53"]
[WhiteElo "2617"]
[BlackElo "2232"]
[Annotator "TA"]
[PlyCount "111"]
[EventDate "2022.11.23"]
[EventType "swiss"]
[EventCountry "USA"]
[SourceTitle "playchess.com"]
[Source "ChessBase"]
[SourceQuality "1"]
[TimeControl "5400+30"]

1. e4 c5 2. Nf3 d6 3. d4 cxd4 4. Qxd4 Nf6 5. Nc3 Nc6 6. Qd3 {[%emt 0:00:38] B53: Sicilian: 2...d6: Lines with Qxd4.} e6 7. Bf4 Be7 8. O-O-O {[%emt 0:01:28][%cal Rf4d6] White is slightly better.} e5 9. Bg5 O-O 10. Bxf6 Bxf6 11. Qxd6 Qxd6 12. Rxd6 {[%emt 0:00:08] [#]} Be7 $146 ({Predecessor:} 12... a6 13. Nd5 Bd8 14. c3 Bg4 15. h3 Bxf3 16. gxf3 Ne7 17. Rg1 Ng6 18. Be2 Bg5+ {1-0 (17) Caio,F (1655)-De Oliveira,I (1489) Recife 2018}) 13. Rd2 {[%emt 0:08:20] White is more active.} Bb4 14. Bb5 Bxc3 15. bxc3 Be6 (15... f6 $16) 16. Kb2 (16. Bxc6 $18 bxc6 17. Nxe5) 16... f6 17. Rd6 Kf7 18. Bxc6 bxc6 19. Rxc6 Rab8+ 20. Ka1 Rfc8 21. Rxc8 Rxc8 $16 {[%emt 0:00:01][%mdl 4096] Endgame KRB-KRN} 22. Rb1 $1 Rxc3 23. Rb7+ Kg6 24. Kb2 (24. Rxa7 Rxc2 25. Nh4+ Kh6 $15) 24... Rc4 25. Re7 ({But not} 25. Rxa7 $6 Rb4+ 26. Kc3 Rxe4 $16) 25... Bc8 {[%emt 0:30:12] [#]} 26. Rxe5 {[%emt 0:06:58][%mdl 512] aiming for Re7.} Bb7 27. Nh4+ Kf7 {[%emt 0:00:00] [#]} 28. Nf5 $1 fxe5 29. Nd6+ Ke6 30. Nxc4 {[%emt 0:00:02] Hoping for f3.} Bxe4 {[%emt 0:00:00] KB-KN} 31. Ne3 Kd6 32. f3 Bg6 33. Kc3 Kc5 34. a3 h6 35. h4 Bh7 $2 (35... h5 $16 {was necessary.}) 36. h5 $1 $18 a6 37. g3 {[%emt 0:03:21][%cal Bg2g3,Bg3g4][%mdl 32] Threatens to win with g4.} a5 38. a4 Bg8 39. g4 $1 Be6 {[%emt 0:00:43] [#]} 40. Nf5 $1 Bd5 41. Nxg7 Bxf3 42. g5 Be4 43. Ne8 (43. Kb3 $18 Bd5+ 44. Kc3) 43... hxg5 $14 {[%emt 0:01:10] Strongly threatening ...g4.} 44. h6 ({Less strong is} 44. Nf6 Bf5 $18) 44... Bg6 $2 (44... Bh7 $1 $14) 45. Nf6 $18 Kd6 $2 {[%emt 0:01:01] [#]} (45... Bf5 $18 46. h7 Bxh7 47. Nxh7 Kd6 48. Nxg5 Kd5 49. Kd3 Kc6 50. c4 Kc5 51. Ne4+ Kc6) 46. h7 $1 {[%emt 0:00:05] White mates.} Bxh7 47. Nxh7 {[%emt 0:00:05] KN-K3P} g4 48. Nf6 e4 49. Nxg4 {[%emt 0:00:27] KN-KPP} Kd5 50. Ne3+ Kc5 51. Nc4 Kd5 52. Nxa5 e3 53. Kd3 Kc5 54. Nb3+ Kb4 55. a5 e2 56. Kxe2 {[%emt 0:00:02] Weighted Error Value: White=0.10 (very precise) /Black=0.23 (precise)} 1-0

[Event "US Masters 2022"]
[Site "Charlotte"]
[Date "2022.11.24"]
[Round "1.5"]
[White "Andersen, Gunnar"]
[Black "Antipov, Mikhail Al."]
[Result "1-0"]
[ECO "C02"]
[WhiteElo "2224"]
[BlackElo "2608"]
[Annotator "TA"]
[PlyCount "59"]
[EventDate "2022.11.23"]
[EventType "swiss"]
[EventCountry "USA"]
[SourceTitle "playchess.com"]
[Source "ChessBase"]
[SourceQuality "1"]
[TimeControl "5400+30"]

1. e4 e6 2. d4 d5 3. e5 c5 4. c3 Qb6 5. Nf3 Bd7 6. Bd3 Bb5 7. dxc5 $1 {[%emt 0:00:08][%mdl 4] is currently scoring better than 7.0-0.} Bxc5 8. b4 Bxd3 {[%emt 0:02:27] C02: French: Advance Variation.} 9. Qxd3 Be7 (9... Bxf2+ 10. Ke2 $16) 10. O-O Qa6 {[%emt 0:00:54] [#] Inhibits c4. White is slightly better.} 11. Qe3 $146 ({Predecessor:} 11. b5 Qa4 12. Nbd2 Nd7 13. c4 Nc5 14. Qd4 Rd8 15. Qg4 g6 16. Qf4 h5 17. Qd4 {1-0 (35) Grabarczyk,B (2396)-Feist,P (2249) Germany 2016}) 11... Qa4 {[%emt 0:13:42] [#]} (11... h5 $14) 12. Nbd2 ({White should try} 12. c4 $1 $16 ) 12... Nd7 13. Nd4 Rc8 14. Qg3 (14. N2b3 $5 ) 14... g6 15. N2b3 {[%emt 0:01:27] Prevents a5.} h5 {[%emt 0:00:38] [#] Black is on the road to losing.} (15... Bd8 $14) 16. Nxe6 $1 $16 {[%emt 0:04:57][%cal Ob3d4][%mdl 512] Threatens to win with Nbd4!} h4 (16... fxe6 $2 17. Qxg6+ Kf8 18. Nd4 $18 (18. Qxe6 Kg7 $16)) 17. Qd3 $36 {[%emt 0:02:46][%mdl 2048] Hoping for Nf4. White is on the roll.} h3 {[%emt 0:03:13] [#]} (17... Nxe5 $16 {might work better.} 18. Qxd5 Qc6 19. Qxe5 Bf6) 18. Re1 $1 Qa6 (18... fxe6 $2 19. Qxg6+ Kd8 20. Qg7 $18 (20. Qxe6 hxg2 21. Nd4 Nb6 $11)) 19. Qxa6 (19. Qxd5 fxe6 20. Qe4 Nh6 21. Qxg6+ Nf7 $17) 19... bxa6 20. Nf4 Nb6 21. Be3 (21. gxh3 Rxc3 22. Bd2 Rc4 $14) 21... Rxc3 (21... hxg2 $16 22. Bxb6 (22. Nxg2 Rxc3 23. Bxb6 axb6 $11) 22... axb6) 22. Bxb6 $18 (22. Nxh3 $6 Bxb4 23. a3 Be7 $16) (22. gxh3 Rh4 $11) 22... axb6 23. Nxd5 (23. Nxh3 Bxb4 24. Red1 Ne7 $11) 23... Rd3 24. Rad1 ({Don't take} 24. Nxb6 $6 Bxb4 25. Re4 a5 $16) 24... Rxd1 25. Rxd1 Bd8 (25... f6 $142 26. Nd4 (26. Nxb6 Rh4 $16) 26... fxe5) 26. Nd4 hxg2 27. Nc6 {[%emt 0:00:22] Pair of Knights!} Bh4 {[%emt 0:01:34] Inhibits Nf6+.} (27... Nh6 28. Nxd8 (28. Kxg2 b5 $18) 28... Kxd8 29. Nxb6+ Ke8) 28. Nxb6 {[%emt 0:03:10] White is clearly winning.} Nh6 29. Kxg2 O-O 30. a4 {[%emt 0:03:13] Weighted Error Value: White=0.13 (very precise) /Black=0.40} 1-0

[Event "US Masters 2022"]
[Site "Charlotte"]
[Date "2022.11.24"]
[Round "1.6"]
[White "Hambleton, Aman"]
[Black "Deng, Henry"]
[Result "1-0"]
[ECO "D12"]
[WhiteElo "2437"]
[BlackElo "2087"]
[Annotator "TA"]
[PlyCount "131"]
[EventDate "2022.11.23"]
[EventType "swiss"]
[EventCountry "USA"]
[SourceTitle "playchess.com"]
[Source "ChessBase"]
[SourceQuality "1"]
[TimeControl "5400+30"]

1. d4 d5 2. c4 c6 3. Nf3 Nf6 4. e3 Bf5 5. Nc3 e6 6. Bd3 Bxd3 7. Qxd3 Nbd7 8. O-O Bd6 {[%emt 0:01:22] Recently 8...Bb4 got a lot of attention.} 9. e4 dxc4 10. Qxc4 {[%emt 0:00:40] D12: Slav Defence: 3 Nf3 Nf6 4 e3 Bf5.} e5 11. Rd1 Qc7 12. Bg5 {[%emt 0:07:57] [#] Bxf6 is the strong threat. White is slightly better.} exd4 $146 (12... O-O $14) ({Predecessor:} 12... O-O 13. Rac1 Rad8 14. Nb5 cxb5 15. Qxc7 Bxc7 16. Rxc7 h6 17. Bxf6 Nxf6 18. Rxb7 Nxe4 {1-0 (70) Liyanage,R (1699)-Arunakirinathan,A (1261) Tornelo INT 2021}) 13. Bxf6 (13. Rxd4 Ne5 14. Nxe5 Bxe5 $11) (13. Nxd4 $6 Bxh2+ 14. Kf1 Be5 $15) 13... gxf6 14. Qxd4 Be5 ({Black should play} 14... Bc5 15. Qc4 Bd6) 15. Qc4 O-O 16. g3 Rad8 17. Nh4 {[%emt 0:09:31] White is much more active.} b5 18. Qe2 Kh8 19. Rac1 Qb6 20. Nf5 Nc5 21. Qc2 (21. Qg4 $6 Rg8 22. Qe2 Ne6 $16) (21. Rxd8 $18 Rxd8 22. Nh6 (22. Qg4 Rg8 $16)) 21... Ne6 22. Ne2 {[%emt 0:00:14] Pair of Knights!} c5 23. b3 Rfe8 (23... Qb7 $16) 24. Kg2 ({Better is} 24. Rd5 $18) 24... Qb7 $16 25. h4 Bd4 (25... a5 $142) 26. f3 Rd7 {[%emt 0:01:22] Prevents b4.} (26... Qb6 $16 {was necessary.} 27. Nexd4 cxd4) 27. Qd2 $18 Red8 28. Nexd4 Nxd4 29. Qh6 (29. Rxc5 $2 Nxf5 30. Qc3 Rxd1 $19) 29... Nxf5 30. Qxf6+ Kg8 {[%emt 0:00:52] [#]} 31. Qg5+ (31. Qxd8+ $6 Rxd8 32. Rxd8+ Kg7 33. exf5 Qe7 $16) 31... Kf8 32. Rxd7 $40 {[%emt 0:00:14][%mdl 128] White goes for the king.} ({Stronger than} 32. Qxd8+ Rxd8 33. Rxd8+ Ke7 $15) 32... Qxd7 33. exf5 {[%emt 0:00:09] And now Rc2 would win.} (33. Qxf5 $2 {loses.} Qd2+ 34. Kh3 Qxc1 $19) 33... Qd2+ 34. Qxd2 Rxd2+ {[%emt 0:00:05][%mdl 4096] Endgame KR-KR} 35. Kh3 c4 36. bxc4 bxc4 (36... b4 {was worth a try.}) 37. Rxc4 Rxa2 $2 (37... h5 38. f6 Kg8) 38. f6 {[%emt 0:00:31][%cal Rc4c8] [#]} Ke8 39. Re4+ Kf8 40. Rb4 Ke8 (40... Re2 $142 41. g4 Re8) 41. g4 a5 42. Re4+ Kf8 43. Rc4 Ke8 44. Rc7 a4 45. Re7+ Kf8 46. Ra7 Ke8 47. g5 a3 48. Re7+ Kf8 49. Ra7 Ke8 50. Kg3 Ra1 51. Kg4 a2 52. Kh5 {[%emt 0:00:05] White mates.} Kd8 53. Kh6 (53. Rxf7 $2 {perishes.} Re1 54. Ra7 a1=Q 55. Rxa1 Rxa1 $19) 53... Rh1 54. Rxa2 Rxh4+ 55. Kg7 Rf4 56. Kxf7 Rxf3 57. Rd2+ Kc7 58. Kg7 Rf5 59. f7 Rxg5+ 60. Kf6 Rg6+ 61. Ke7 Rg7 62. Rc2+ Kb7 63. Ke8 Rg5 64. f8=Q Re5+ 65. Kd7 Rd5+ 66. Ke6 {[%emt 0:00:06] Weighted Error Value: White=0.26 (precise) /Black=0.35} 1-0

[Event "US Masters 2022"]
[Site "Charlotte"]
[Date "2022.11.24"]
[Round "1.7"]
[White "Theodorou, Nikolas"]
[Black "Costello, Alexander"]
[Result "1-0"]
[ECO "A16"]
[WhiteElo "2598"]
[BlackElo "2224"]
[Annotator "TA"]
[PlyCount "75"]
[EventDate "2022.11.23"]
[EventType "swiss"]
[EventCountry "USA"]
[SourceTitle "playchess.com"]
[Source "ChessBase"]
[SourceQuality "1"]
[TimeControl "5400+30"]

1. Nf3 Nf6 2. c4 g6 3. Nc3 d5 4. cxd5 Nxd5 5. h4 Bg7 6. h5 {[%emt 0:01:23] A16: English Opening: 1...Nf6 with ...d5.} c5 7. h6 (7. Qb3 {keeps more tension.} Nb4 8. a3 Be6 9. Qa4+) 7... Bf6 8. e4 {[%emt 0:10:53] Bb5+ is the strong threat. White is slightly better.} Nxc3 {[%emt 0:00:09] [#]} 9. dxc3 $146 ({Predecessor:} 9. bxc3 Nc6 10. Bb5 Bd7 11. Qe2 Qc7 12. Bxc6 Bxc6 13. O-O O-O 14. d4 cxd4 15. cxd4 {1-0 (34) Gunina,V (2431)-Lagno,K (2546) Chess.com INT 2020}) 9... Qc7 10. Bb5+ Bd7 11. Bxd7+ Nxd7 12. O-O O-O 13. Qe2 Rfd8 14. Be3 c4 15. Rad1 Qc6 (15... e6 $11 {was preferrable.}) 16. Bf4 $14 e5 17. Bg3 Qe6 18. Rd5 {[%emt 0:00:08] Against Nc5} Nb6 19. Ra5 Qg4 ({Black should try} 19... Rd3 $14) 20. Bxe5 $16 Bxe5 21. Rxe5 Rd3 22. Re7 Nd7 23. b3 $1 b5 24. bxc4 $1 bxc4 25. Qb2 $1 {[%emt 0:01:27] Strongly threatening Qb7.} Rd8 {[%emt 0:04:27] [#]} (25... Rxf3 $16 {keeps fighting.} 26. Qb7 (26. Rxd7 Qxd7 27. gxf3 Qh3 $11) 26... Rf8) 26. Nd4 $2 (26. Qb7 $1 $18 Rxf3 27. Qc7 (27. Qxa7 Kf8 $11)) 26... Rd1 {[%emt 0:03:09] A mistake that costs the game.} (26... Qg5 $1 $11 27. Nc6 Nb8 28. Nxd8 Qxe7) 27. g3 $1 $18 {[%emt 0:05:19] Hoping for Rxd1.} Rd3 28. Kg2 $1 Qg5 29. Nc6 {[%emt 0:04:08][%csl LRa7,LRd8] Black must now prevent Qb7.} (29. Qb4 Nc5 30. Rc7 (30. Rxa7 Nxe4 31. Qb7 Rxg3+ 32. fxg3 Qxg3+ 33. Kh1 Qh4+ 34. Kg2 Qg3+ 35. Kh1 Qh4+ 36. Kg2 Qg3+ $11) 30... Nxe4 31. Qxc4 Rxg3+ 32. fxg3 Qxg3+ 33. Kh1 Qh4+ 34. Kg2 (34. Kg1 Qg3+ 35. Kh1 Qh4+ 36. Kg2 Qg3+ 37. Kh1 $11) 34... Qg3+ 35. Kh1 Qh4+ 36. Kg2 (36. Kg1 Qg3+ 37. Kh1 $11) 36... Qg3+ $11) 29... Qf6 $2 {[%emt 0:05:03] [#]} (29... Nb8 {might work better.} 30. Nxd8 Qxe7) 30. Qb7 $1 {[%emt 0:02:16] Active counter play!} Qf3+ (30... Nc5 $2 31. Nxd8 (31. Qxa7 $2 {too greedy.} Qxc6 32. Rxf7 Nd7 $17) 31... Rxd8 32. Qc7) (30... Kf8 $142 31. e5 (31. Qxa7 $2 Qxc6 32. Qa3 Rd6 $19) (31. Nxd8 Qxe7 32. Nc6 Qxe4+ 33. Kg1 Rd6 $16) 31... Qf3+ 32. Kg1 Qg4 33. Rxf7+ (33. Qxa7 Rxg3+ 34. fxg3 Qxg3+ 35. Kh1 Qh3+ 36. Kg1 Qg3+ 37. Kh1 Qh3+ 38. Kg1 Qg3+ $11) 33... Kxf7) 31. Kg1 Qg4 {[%emt 0:00:04] [#]} 32. Qc7 $1 ({Not} 32. Nxd8 Rxg3+ 33. fxg3 Qxg3+ 34. Kh1 Qh3+ 35. Kg1 Qg3+ 36. Kh1 Qh3+ 37. Kg1 Qg3+ $11) 32... Rf8 33. Nb4 ({And not} 33. Qxa7 Rxg3+ 34. fxg3 Qxg3+ 35. Kh1 Qh3+ 36. Kg1 Qg3+ 37. Kh1 Qh3+ 38. Kg1 Qg3+ $11) 33... Rd1 34. Nd5 Rxf1+ 35. Kxf1 Qh3+ 36. Kg1 Nb6 {[%emt 0:00:01] [#]} 37. Rxf7 $3 Rxf7 {[%emt 0:00:23] [#]} (37... Qh2+ 38. Kxh2) 38. Nf6+ $1 {[%emt 0:00:05][%mdl 576] Weighted Error Value: White=0.13 (very precise) /Black=0.55} 1-0

[Event "US Masters 2022"]
[Site "Charlotte"]
[Date "2022.11.24"]
[Round "1.8"]
[White "Atanasov, Anthony"]
[Black "Burke, John M"]
[Result "1/2-1/2"]
[ECO "A48"]
[WhiteElo "2215"]
[BlackElo "2580"]
[Annotator "TA"]
[PlyCount "108"]
[EventDate "2022.11.23"]
[EventType "swiss"]
[EventCountry "USA"]
[SourceTitle "playchess.com"]
[Source "ChessBase"]
[SourceQuality "1"]
[TimeControl "5400+30"]

1. d4 Nf6 2. Nf3 g6 3. Qd3 Bg7 4. e4 d6 5. Be2 O-O 6. O-O {[%emt 0:01:47] A48: 1 d4 Nf6 2 Nf3 g6: Torre, London and Colle Systems.} c5 7. c3 cxd4 8. cxd4 {[%emt 0:00:16] [#]} Nc6 $146 ({Predecessor:} 8... Bg4 9. h3 Bxf3 10. Bxf3 Nc6 11. b3 Rc8 12. Na3 Nxd4 13. Bb2 Nxf3+ 14. Qxf3 Qd7 15. Nc4 b5 16. Bxf6 Bxf6 {0-1 (16) Gautason,K-Kjoita,H Mariehamn 2008}) 9. d5 Nb4 10. Qc4 a5 {[%emt 0:02:47][%cal Ob7b5] next ...b5! is good for Black.} 11. Nc3 Bd7 12. a3 {[%emt 0:04:29] Prevents e6.} Na6 13. e5 dxe5 14. Nxe5 Bf5 15. Be3 Rc8 16. Qb3 Ne4 $1 17. Nxe4 {[%emt 0:06:53][%cal Oe5f7] Threatens to win with Nxf7!} Bxe4 18. Bxa6 (18. Qxb7 Bxe5 19. Qxa6 Bxd5 $17) 18... Bxe5 19. Bxb7 Rc2 {[%emt 0:03:46] ...Qc7 is the strong threat.} 20. Qa4 (20. Bh6 {keeps more tension.} Rxb2 21. Qe3 Rxb7 22. Rad1) 20... Bf5 (20... Bxd5 $2 21. Bxd5 (21. Qxc2 Bxb7 22. f4 Bg7 $16) 21... Rxb2 22. Bc6 $18) 21. Bh6 {[%emt 0:03:07] [#]} (21. Rac1 $11 Rxb2 22. Bc6) 21... Qc7 $1 22. Bxf8 Kxf8 23. Bc6 Bxh2+ (23... Bxb2 24. Rab1 Be5 25. g3 $14) 24. Kh1 Be5 25. Rac1 Rxb2 26. f4 Bf6 {[%emt 0:01:30] This pair of bishops is nice.} 27. d6 Qxd6 28. Qxa5 Bd4 {[%emt 0:07:20] Against Qc5} (28... Bg4 $17 {Strongly threatening ...Kg7.} 29. Bd5 Kg7) 29. Rfd1 $36 {[%emt 0:02:49][%mdl 2048] White fights for an advantage.} f6 (29... Bc2 $11 30. Rd2 Bb3) 30. Qd5 {[%emt 0:01:39] Dancing on a razor blade.} (30. Bf3 $5 ) 30... Qxd5 31. Bxd5 Be3 32. Rc4 h5 (32... Bg4 $1 $11 {remains equal.} 33. Bf3 Bxf3 34. gxf3 Ra2) 33. Be4 ({Better is} 33. a4 $1 $16) 33... Bg4 34. Rb1 Ra2 35. Bxg6 Rxa3 36. f5 Ra5 37. Re1 Bc5 38. Kh2 Bd6+ 39. Kg1 Ra2 40. Rec1 Kg7 41. R4c2 Ra5 42. Rf1 Kh6 {[%emt 0:00:17][%mdl 1024] Black has compensation.} 43. Kf2 (43. Rfc1 $11 {keeps the balance.}) 43... Kg5 (43... Bc5+ $17 44. Kg3 e5) 44. Ke3 (44. Rc8 $15) 44... Rd5 {[%emt 0:01:01] Hoping for ...Bc5+.} 45. Ke4 e6 {[%emt 0:01:01] aiming for ...Bc5.} 46. Bh7 (46. Rc8 $17) 46... Re5+ (46... Kh6 $1 $19 47. fxe6 (47. Bg6 Bc5 $17) 47... Re5+ 48. Kd4 Kxh7 49. Rxf6 Re1 50. Rf7+ Kg6) 47. Kd4 $15 exf5 48. Rc8 {[%emt 0:00:25] [#] Against Re8} Kh4 (48... Kh6 $1 $17 49. Rc6 Re4+ 50. Kd5 Ba3) 49. Rg8 Bc5+ 50. Kc3 {[%emt 0:00:01] [#]} Re3+ ({Black should try} 50... Be3 $1 $17) 51. Kd2 {[%emt 0:00:43] The position is equal.} Re2+ 52. Kd3 Re3+ (52... Rxg2 $5 53. Rh1+ $8 Kg3 $11) 53. Kd2 Re2+ 54. Kd3 {[%emt 0:00:01][%cal Og8g4] Black must now prevent Rxg4+!} Re3+ {[%emt 0:00:12] Weighted Error Value: White=0.17 (very precise) /Black=0.13 (very precise)} (54... Rxg2 $5 55. Rh1+ $8 Kg3 $11) 1/2-1/2